 Dungeon Crawl Stone Soup version 0.24.0-41-g2ae2f7f1be (webtiles) character file.

Game seed: 14011562983335035587, levelgen mode: deterministic

401 ReteAZ the Covered (level 6, -11/40 HPs)
             Began as a Gargoyle Fighter on Dec 14, 2019.
             Was a Follower of Okawaru.
             Mangled by an ogre
             ... wielding a +0 giant club
              (16 damage)
             ... on level 4 of the Dungeon.
             The game lasted 00:04:07 (2218 turns).

ReteAZ the Covered (Gargoyle Fighter)               Turns: 2218, Time: 00:04:08

Health: -11/40     AC: 16    Str: 22    XL:     6   Next: 85%
Magic:  6/6        EV:  7    Int: 11    God:    Okawaru [*.....]
Gold:   250        SH:  9    Dex: 12    Spells: 5/5 levels left

rFire    + . .     SeeInvis .   a - +0 war axe
rCold    . . .     Gourm    .   c - +0 shield
rNeg     + . .     Faith    .   b - +0 scale mail
rPois    ∞         Spirit   .   (no helmet)
rElec    +         Reflect  .   j - +0 cloak
rCorr    .         Harm     .   o - +2 pair of gloves {Dex+3}
MR       .....                  (no boots)
Stlth    ..........             (no amulet)
HPRegen  0.13/turn              i - +3 ring of intelligence
MPRegen  0.10/turn              v - ring of protection from fire

@: no status effects
A: negative energy resistance 1, electricity resistance, unbreathing,
petrification resistance, rot immunity, AC +4
a: Heroism, Renounce Religion


You were on level 4 of the Dungeon.
You worshipped Okawaru.
Okawaru was aware of your devotion.
You were hungry.

You visited 1 branch of the dungeon, and saw 4 of its levels.

You collected 250 gold pieces.

Inventory:

Hand Weapons
 a - a +0 war axe (weapon)
Missiles
 t - 5 boomerangs (quivered)
Armour
 b - a +0 scale mail (worn)
 c - a +0 shield (worn)
 j - a +0 cloak (worn)
 o - a +2 pair of gloves of dexterity (worn)
Jewellery
 i - a +3 ring of intelligence (left hand)
 v - a ring of protection from fire (right hand)
Scrolls
 e - a scroll of blinking {unknown}
 h - a scroll of remove curse {unknown}
 k - a scroll of fear {unknown}
 l - 3 scrolls of identify {unknown}
 m - a scroll of noise {unknown}
 n - 3 scrolls of fog {unknown}
 s - a scroll of random uselessness {unknown}
Potions
 p - a potion of mutation {unknown}
 q - a potion of cancellation {unknown}
 r - a potion of flight {unknown}
 u - a potion of magic {unknown}
 w - a potion of lignification {unknown}
Comestibles
 f - 6 rations
 g - 8 chunks of flesh


   Skills:
 + Level 4.8 Fighting
 * Level 4.5 Axes
 + Level 4.8 Armour
 - Level 4.0 Shields


You had 5 spell levels left.
You didn't know any spells.
Your spell library was empty.

Dungeon Overview and Level Annotations

Branches:
Dungeon (4/15)
 Temple: D:4-7

Altars:
Gozag
Okawaru
Vehumet

Annotations:
D:3 3 runed translucent doors, lis82's ghost, weakling DgSk


Innate Abilities, Weirdness & Mutations

You are resistant to torment.
Your stone body is resilient. (AC +4)
You are immune to poison.
You resist negative energy. (rN+)
You are resistant to electric shocks. (rElec)
You can survive without breathing.
You are immune to petrification.
You are immune to rotting.


Message History

Press: ? - help, Shift-Dir - straight line, f/p - ogre
Aim: an ogre, wielding a +0 giant club (moderately wounded)
You throw a boomerang. The boomerang hits the ogre.
The ogre is heavily wounded.
You block the ogre's attack.
You completely miss the ogre.
The ogre is heavily wounded.
The ogre hits you with a +0 giant club!!
You hit the ogre but do no damage.
The ogre is heavily wounded.
The ogre hits you with a +0 giant club!
* * * LOW HITPOINT WARNING * * *
You slash the ogre!
The ogre is almost dead.
The ogre hits you with a +0 giant club.
* * * LOW HITPOINT WARNING * * *
You hit the ogre.
The ogre is almost dead.
The ogre hits you with a +0 giant club!
You die...

#### #...
########.#######. #
#...........$.... #..
#(...........O... #..
##......##.##
#...#...........#
#.....#.#...#.@.###
#....#..###O##.O..###
#....#.####..###....###
#.........##..###.....#
#....#.##.###.#####.#..#
#....#......#..####.#
....
#.#.##......##......#
..) #.#.
#......######........ #.
#...<..# #.(..#...


You could see an ogre.

Vanquished Creatures
  Menkaure (D:4)
  A scorpion (D:4)
  An orc priest (D:3)
  An orc wizard (D:4)
  2 worker ants (D:4)
  3 gnolls (D:3)
  3 adders
  3 worms
  2 dart slugs (D:3)
  A leopard gecko (D:3)
  7 orcs
  4 giant cockroaches
  6 goblins
  8 hobgoblins
  5 kobolds
  A quokka (D:2)
  4 bats
  A frilled lizard (D:4)
  12 rats
66 creatures vanquished.

Notes
Turn   | Place    | Note
-------+----------+-------------------------------------------
     0 | D:1      | ReteAZ the Gargoyle Fighter began the quest for the Orb.
     0 | D:1      | Reached XP level 1. HP: 14/14 MP: 1/1
   208 | D:1      | Reached XP level 2. HP: 17/19 MP: 2/2
   240 | D:1      | Found an iron altar of Okawaru.
   252 | D:1      | Became a worshipper of Warmaster Okawaru
   710 | D:2      | Reached XP level 3. HP: 20/23 MP: 3/3
  1209 | D:3      | Reached XP level 4. HP: 27/29 MP: 4/4
  1307 | D:3      | Found a runed translucent gate.
  1313 | D:3      | Found an opulent altar of Gozag.
  1315 | D:3      | Found a runed translucent gate.
  1315 | D:3      | Found a runed translucent gate.
  1315 | D:3      | Noticed lis82's ghost (weakling DgSk)
  1485 | D:3      | Reached XP level 5. HP: 33/33 MP: 5/5
  1499 | D:3      | Reached * piety under Okawaru
  1650 | D:3      | Found a radiant altar of Vehumet.
  2033 | D:4      | Reached XP level 6. HP: 39/39 MP: 6/6
  2079 | D:4      | Noticed Menkaure
  2090 | D:4      | Killed Menkaure
  2218 | D:4      | Mangled by an ogre

Levels and vault maps discovered:
D:1:      dpeg_arrival_lava_temple_mockup, layout_basic, serial_forest,
          infiniplex_forest_fountain, infiniplex_forest_clump_tiny,
          infiniplex_forest_end_3, infiniplex_forest_lined_ring,
          infiniplex_forest_clump_large, infiniplex_forest_lined_1,
          infiniplex_forest_clump_large, grunt_decor_one_mirror, minivault_25,
          okawaru_ov_weapons_minmay
D:2:      layout_basic
D:3:      layout_loops_cross, vehumet_crystals, ebering_ghost_gozag
D:4:      layout_rooms, old_standard_altar, uniq_sigmund, uniq_menkaure,
          uniq_pikel

Skill      XL: |  1  2  3  4  5  6 |
---------------+-------------------+-----
Axes           | 2 3 4 |  4.5
Fighting       | 4 |  4.8
Armour         | 4 |  4.8
Shields        | 4 |  4.0

Action                   |  1- 3 |  4- 6 || total
-------------------------+-------+-------++-------
Melee: War axe           |   133 |    81 ||   214
Throw: Boomerang         |       |     8 ||     8
  Use: Potion            |       |     1 ||     1
  Eat: Chunk             |     1 |     3 ||     4
Armor: Scale mail        |    67 |    37 ||   104
Dodge: Dodged            |    44 |    21 ||    65
Block: Shield            |    78 |    26 ||   104
